Map: Tours du crépuscule

Players

Worming

  • Race: Zerg Zerg
  • League: Diamond

Øvermind - Winner!

  • Race: Protoss Protoss
  • League: Master

VOD

Have the link to the VOD?

Description

Time

  • Played on: June 17, 2016, 5:28 p.m.
  • Length: 10:31
Show
View Real Time Build Order
Export as new Build Order

Worming Zerg 

Build Orders: Hatch First 

Get SALT Encoding   

  12  0:01  Drone  
  13  0:17  Overlord  
  13  0:18  Drone  
  14  0:22  Extractor  
  14  0:23  Drone  
  15  0:35  Drone  
  16  0:39  Drone  
  17  0:53  Hatchery  
  17  0:56  Drone  
  17  1:00  Drone  
  18  1:13  Spawning Pool  
  17  1:18  Drone  
  17  1:23  Extractor  
  18  1:37  Hatchery  
  17  1:43  Overlord  
  17  1:49  Drone  
  18  2:10  Queen x2  
  18  2:13  Zergling x2  
  23  2:18  Zergling x2  
  23  2:20  Drone x2  
  26  2:28  Extractor  
  25  2:33  Drone x3  
  28  2:39  Drone x2  
  30  2:54  Drone x3  
  33  3:00  Drone x2  
  33  3:02  Queen  
  37  3:12  Drone x4  
  41  3:18  Overlord x2  
  41  3:24  Drone  
  41  3:25  Overlord  
  42  3:32  Metabolic Boost  
  42  3:36  Drone x5  
  42  3:37  Drone  
  48  3:53  Drone x4  
  48  3:54  Drone x3  
  55  3:58  Overlord  
  55  3:59  Overlord  
  55  4:00  Overlord  
  55  4:17  Spore Crawler  
  54  4:18  Spore Crawler, Pneumatized Carapace  
  54  4:19  Spore Crawler  
  49  4:45  Drone x6  
  49  4:46  Drone  
  49  4:47  Drone x5  
  49  4:48  Drone x3  
  60  4:54  Lair  
  60  4:55  Extractor x2  
  58  5:07  Evolution Chamber, Roach Warren  
  58  5:08  Evolution Chamber  
  58  5:10  Extractor  
  58  5:12  Drone x2, Spine Crawler  
  58  5:13  Drone, Extractor  
  58  5:14  Drone x4  
  58  5:18  Drone  
  60  5:22  Drone x3  
  60  5:26  Overlord x2  
  60  5:27  Queen  
  65  5:34  Zerg Missile Weapons Level 1  
  64  5:38  Drone  
  64  5:41  Drone x4  
  69  5:47  Zerg Ground Armor Level 1  
  69  5:55  Zergling x8  
  69  5:56  Zergling x16  
  81  6:03  Queen x2  
  83  6:04  Overlord x2  
  83  6:07  Glial Reconstitution  
  83  6:16  Hydralisk Den  
  83  6:18  Drone x2  
  83  6:20  Extractor  
  83  6:24  Spore Crawler  
  80  6:40  Queen x2  
  82  6:56  Queen  
  82  6:57  Overlord x3  
  82  6:58  Overlord x3  
  80  7:08  Muscular Augments  
  80  7:09  Hydralisk  
  78  7:16  Queen, Hydralisk  
  78  7:17  Hydralisk x10  
  87  7:46  Queen x2  
  87  7:47  Zerg Missile Weapons Level 2  
  87  7:50  Drone x3  
  94  7:53  Drone x3  
  97  8:09  Hatchery  
  97  8:10  Zergling x14  
  103  8:29  Overlord x2  
  103  8:30  Zergling x2, Overlord  
  103  8:31  Zergling x10  
  103  8:34  Lurker Den  
  109  8:39  Hatchery  
  108  8:54  Roach x9  
  96  9:07  Baneling Nest  
  96  9:09  Hydralisk x9  
  113  9:19  Spine Crawler  
  113  9:20  Spine Crawler  
  113  9:22  Ravager x2  
  113  9:23  Zergling x6  
  117  9:27  Spine Crawler  
  71  9:54  Roach  
  71  9:55  Roach x11  
  84  10:00  Lurker x2  
  84  10:06  Hydralisk  
  84  10:07  Zergling x2, Hydralisk  
  77  10:08  Zergling x8  
  77  10:13  Zergling x6  
Show
View Real Time Build Order
Export as new Build Order

Øvermind Protoss - Winner!

Build Orders: Nexus First, Oracle Opening, Phoenix Opening 

Get SALT Encoding   

  12  0:01  Probe (Chrono Boost)  
  13  0:11  Probe (Chrono Boost)  
  14  0:17  Pylon  
  14  0:22  Probe (Chrono Boost)  
  16  0:35  Probe (Chrono Boost)  
  16  0:46  Probe (Chrono Boost)  
  17  0:58  Nexus  
  17  1:08  Gateway  
  17  1:15  Assimilator  
  17  1:16  Probe (Chrono Boost)  
  18  1:27  Probe (Chrono Boost)  
  18  1:28  Assimilator  
  19  1:37  Probe (Chrono Boost)  
  20  1:42  Pylon  
  20  1:48  Probe (Chrono Boost)  
  21  1:57  Cybernetics Core  
  21  1:58  Probe (Chrono Boost)  
  22  2:09  Probe (Chrono Boost)  
  22  2:13  Probe (Chrono Boost)  
  24  2:19  Probe (Chrono Boost)  
  25  2:23  Probe (Chrono Boost)  
  26  2:30  Probe (Chrono Boost)  
  26  2:32  Probe  
  26  2:33  Stalker (Chrono Boost)  
  26  2:34  Warp Gate  
  30  2:40  Stargate  
  30  2:43  Probe  
  30  2:44  Probe  
  32  2:53  Probe  
  32  2:56  Probe  
  34  3:00  Adept (Chrono Boost)  
  36  3:08  Probe  
  36  3:09  Probe  
  38  3:14  Forge  
  38  3:17  Gateway  
  38  3:20  Gateway  
  38  3:23  Oracle (Chrono Boost)  
  41  3:28  Probe  
  41  3:29  Probe  
  43  3:36  Pylon  
  43  3:38  Adept  
  45  3:42  Probe  
  46  3:48  Assimilator  
  46  3:49  Assimilator  
  46  3:53  Probe, Pylon  
  46  3:54  Probe  
  46  3:55  Phoenix (Chrono Boost)  
  48  3:59  Protoss Ground Weapons Level 1 (Chrono Boost)  
  50  4:05  Probe  
  51  4:16  Phoenix  
  51  4:20  Probe  
  54  4:32  Probe  
  55  4:40  Phoenix  
  54  4:51  Twilight Council  
  54  4:52  Pylon  
  54  4:55  Gateway  
  54  4:56  Gateway  
  54  5:00  Gateway  
  54  5:04  Probe, Twilight Council  
  55  5:08  Phoenix  
  55  5:10  Probe  
  58  5:16  Probe  
  59  5:27  Nexus  
  59  5:33  Phoenix  
  61  5:42  Resonating Glaives (Chrono Boost)  
  61  5:44  Protoss Ground Weapons Level 2  
  61  5:45  Robotics Facility  
  61  6:01  Phoenix  
  63  6:12  Pylon  
  63  6:15  Adept x3, Pylon  
  69  6:24  Pylon  
  67  6:55  Adept x3  
  73  7:02  Adept x3  
  73  7:03  Immortal (Chrono Boost)  
  83  7:15  Phoenix  
  83  7:27  Adept x6  
  85  7:38  Immortal (Chrono Boost)  
  89  7:44  Probe  
  89  7:48  Pylon  
  89  7:50  Probe  
  91  7:52  Probe  
  91  7:55  Probe  
  93  7:58  Adept x2  
  93  7:59  Adept x4, Phoenix  
  93  8:02  Probe  
  93  8:04  Probe  
  109  8:05  Probe  
  109  8:10  Pylon  
  109  8:11  Pylon  
  109  8:12  Pylon, Immortal (Chrono Boost)  
  114  8:14  Probe, Pylon  
  114  8:16  Probe x2  
  117  8:26  Probe  
  117  8:34  Forge  
  118  8:35  Adept x2  
  118  8:36  Adept x3  
  128  8:41  Templar Archives  
  128  8:42  Stalker  
  128  8:44  Phoenix  
  136  8:48  Immortal (Chrono Boost)  
  128  9:08  Phoenix  
  130  9:17  Probe  
  130  9:19  Assimilator x2  
  130  9:21  Pylon x2  
  131  9:24  Immortal  
  131  9:27  Nexus, Probe  
  111  10:12  Adept x5  
  111  10:13  Adept  
Tags
 
Add a new tag
Caveats
  • Supply blocks, unpowered buildings, or Contaminate may cause inaccurate times.
  • Supply counts are checked every 10 seconds.